[Event "Titled Tuesday Blitz April 05 Late 2022"]
[White "Domingo Nunez, Alejandro"]
[Black "Babazada, Khazar"]
[WhiteFideId "22245561"]
[BlackFideId "13413554"]
[WhiteElo "2215"]
[BlackElo "2406"]
[Result "0-1"]
[Round "05"]
[TimeControl "180+1"]
[Date "2022.04.05"]
[WhiteClock "0:00:16"]
[BlackClock "0:00:18"]

1. Nf3 g5 2. Nxg5 e5 3. Nf3 e4 4. Nd4 d5 5. d3 c5 6. Nb3 Nf6 7. Nc3 e3 8. fxe3 Nc6 9. e4 d4 10. Nd5 Nxd5 11. exd5 Ne5 12. Bf4 Bd6 13. Qd2 a5 14. Nxc5 Bxc5 15. Bxe5 f6 16. Bg3 Qxd5 17. a3 O-O 18. c4 dxc3 19. Qxc3 Be6 20. e4 Qg5 21. Be2 Rfc8 22. Qd2 Be3 23. Qd1 Qb5 24. d4 Qxb2 25. Bd3 Bb3 26. Rb1 Qc3+ 27. Ke2 Bxd1+ 28. Rhxd1 Bxd4 29. Rxb7 Ra7 30. Rb5 Be5 31. Bf2 Rd7 32. Be3 Rxd3 33. Rxd3 Qc2+ 34. Bd2 Qc4 35. Rd5 Qxe4+ 36. Kf2 Kf7 37. Rd7+ Kg6 38. g3 Rc2 39. Rd8 Bc3 40. Kf1 Bxd2 41. Rxd2 Qh1+ 42. Ke2 Qxh2+ 43. Ke3 Rxd2 44. Rxd2 Qxg3+ 45. Ke2 Qxa3 46. Rd4 Qb2+ 47. Rd2 Qxd2+ 48. Kxd2 h5 49. Ke3 h4 50. Kf2 a4 51. Kg2 a3 52. Kf3 a2 53. Kg4 a1=Q 54. Kh3 Qg1 55. Kxh4 Kf5 56. Kh3 Kf4 57. Kh4 Qh2# 0-1


[Site "https://www.chess.com"]

[Event "Titled Tuesday Blitz April 05 Late 2022"]
[White "Dubov, Daniil"]
[Black "Kollars, Dmitrij"]
[WhiteFideId "24126055"]
[BlackFideId "12909572"]
[WhiteElo "2791"]
[BlackElo "2584"]
[Result "1-0"]
[Round "05"]
[TimeControl "180+1"]
[Date "2022.04.05"]
[WhiteClock "0:01:23"]
[BlackClock "0:00:03"]

1. e4 c6 2. d4 d5 3. e5 Bf5 4. Nf3 e6 5. Be2 Nd7 6. O-O Ne7 7. c4 h6 8. Nc3 dxc4 9. Bxc4 Nb6 10. Bd3 Nbd5 11. Re1 Bxd3 12. Qxd3 Ng6 13. Qe4 Be7 14. Bd2 O-O 15. Rad1 Qb6 16. Qg4 Qxb2 17. Nxd5 cxd5 18. h4 h5 19. Qxh5 Qc2 20. Rc1 Qd3 21. Rc3 Qf5 22. Qxf5 exf5 23. h5 Nh4 24. Rc7 Nxf3+ 25. gxf3 Ba3 26. Rxb7 Rfc8 27. e6 fxe6 28. Rxe6 Rc2 29. Bf4 Bf8 30. Be5 Rxa2 31. h6 Kh7 32. hxg7 Ba3 33. g8=Q+ Kxg8 34. Rh6 1-0


[Site "https://www.chess.com"]

[Event "Titled Tuesday Blitz April 05 Late 2022"]
[White "Ezat, Mohamed"]
[Black "Pakleza, Zbigniew"]
[WhiteFideId "10600906"]
[BlackFideId "1119290"]
[WhiteElo "2386"]
[BlackElo "2467"]
[Result "1/2-1/2"]
[Round "05"]
[TimeControl "180+1"]
[Date "2022.04.05"]
[WhiteClock "0:00:17"]
[BlackClock "0:00:18"]

1. d4 d6 2. c4 e5 3. Nf3 exd4 4. Nxd4 g6 5. Nc3 Bg7 6. g3 Ne7 7. Bg2 O-O 8. O-O Nd7 9. Bg5 h6 10. Be3 Ne5 11. c5 Ng4 12. cxd6 Nxe3 13. dxe7 Qxe7 14. fxe3 Qxe3+ 15. Kh1 Qxd4 16. Nd5 c6 17. Ne7+ Kh7 18. Qxd4 Bxd4 19. Rad1 Bxb2 20. Nxc8 Raxc8 21. Rb1 Bd4 22. Rxb7 Kg7 23. Bh3 Rce8 24. Bd7 Rxe2 25. Bxc6 Rxa2 26. Bd5 Rf2 27. Rxf2 Bxf2 28. Kg2 Bb6 29. Kf3 h5 30. h4 Kf6 31. Kf4 Bc5 32. Kf3 a5 33. Rc7 Bb4 34. Ra7 Bc3 35. Rc7 Be1 36. Ra7 Bb4 37. Kf4 Bc3 38. Kf3 Bb4 39. Kf4 Bd2+ 40. Kf3 g5 41. hxg5+ Kxg5 42. Rxf7 Rxf7+ 43. Bxf7 a4 44. Kg2 a3 45. Kh3 Bb4 46. Kg2 Be7 47. Kh3 Kf6 48. Ba2 Ke5 49. g4 h4 50. g5 Bxg5 51. Kg2 Bf6 52. Kh3 Kd4 53. Kg2 Ke3 54. Kh3 Kf2 55. Bg8 Ke3 56. Be6 Kd2 57. Bg8 Kc3 58. Bf7 Kd4 59. Bg8 Kc5 60. Bf7 Kb4 61. Bg8 Kc3 62. Bf7 Kc2 63. Bg8 Kc1 64. Bf7 Kd2 65. Bg8 Ke3 66. Bf7 Kf4 67. Bg8 Kg5 68. Bf7 a2 69. Bxa2 Kh6 70. Bb1 Kg5 1/2-1/2


[Site "https://www.chess.com"]

[Event "Titled Tuesday Blitz April 05 Late 2022"]
[White "Fedoseev, Vladimir"]
[Black "Kobalia, Mikhail"]
[WhiteFideId "24130737"]
[BlackFideId "4119150"]
[WhiteElo "2726"]
[BlackElo "2667"]
[Result "1-0"]
[Round "05"]
[TimeControl "180+1"]
[Date "2022.04.05"]
[WhiteClock "0:00:15"]
[BlackClock "0:00:04"]

1. e4 c6 2. d4 d5 3. exd5 cxd5 4. Bd3 Nc6 5. c3 Nf6 6. Bf4 Bg4 7. Qb3 Qd7 8. Nd2 e6 9. Ngf3 Bd6 10. Bxd6 Qxd6 11. O-O O-O 12. Rfe1 Qc7 13. h3 Bh5 14. a4 Rab8 15. Qa3 a6 16. a5 b5 17. axb6 Rxb6 18. b4 Bg6 19. Bxg6 hxg6 20. Nb3 Na7 21. Nc5 Nb5 22. Qb2 Ra8 23. Ne5 Nd6 24. Ra4 Qc8 25. Rea1 Nfe4 26. Qc2 Nb5 27. Nxe4 dxe4 28. Rc1 Nd6 29. c4 Rb7 30. c5 Nb5 31. Qxe4 Rc7 32. Nc4 Rb8 33. Ra2 Rd7 34. Rd2 Qd8 35. Ne5 Rxd4 36. Rxd4 Qxd4 37. Qxd4 Nxd4 38. Rc4 Nb5 39. Nc6 Rb7 40. Rc1 Rc7 41. Na5 Rd7 42. Ra1 Rd4 43. Nc6 Rd2 44. g4 Nd4 45. Rxa6 1-0


[Site "https://www.chess.com"]

[Event "Titled Tuesday Blitz April 05 Late 2022"]
[White "Fishbein, Alexander"]
[Black "Sanal, Vahap"]
[WhiteFideId "2000377"]
[BlackFideId "6300545"]
[WhiteElo "2442"]
[BlackElo "2603"]
[Result "0-1"]
[Round "05"]
[TimeControl "180+1"]
[Date "2022.04.05"]
[WhiteClock "0:00:45"]
[BlackClock "0:01:45"]

1. e4 d6 2. d4 Nf6 3. Bd3 e5 4. c3 Nc6 5. Nf3 g6 6. O-O Bg7 7. Nbd2 O-O 8. Re1 Re8 9. h3 Nh5 10. d5 Ne7 11. Nf1 Rf8 12. g4 Nf6 13. Ng3 Nd7 14. c4 Nc5 15. Bc2 a5 16. Be3 b6 17. Kh2 f5 18. exf5 gxf5 19. Bxc5 bxc5 20. gxf5 Nxf5 21. Nxf5 Bxf5 22. Bxf5 Rxf5 23. Rg1 Qf6 24. Nd2 Rxf2+ 25. Kh1 Qh6 26. Qg4 Rxd2 27. Raf1 Kh8 28. Rf5 Rd4 29. Qf3 Rf4 30. Rxf4 exf4 0-1


[Site "https://www.chess.com"]

[Event "Titled Tuesday Blitz April 05 Late 2022"]
[White "Galego, Luis"]
[Black "Cagara, Paulina"]
[WhiteFideId "1900072"]
[BlackFideId "1124870"]
[WhiteElo "2516"]
[BlackElo "1780"]
[Result "1-0"]
[Round "05"]
[TimeControl "180+1"]
[Date "2022.04.06"]
[WhiteClock "0:01:07"]
[BlackClock "0:01:14"]

1. d4 f5 2. c4 Nf6 3. Nc3 g6 4. g3 Bg7 5. Bg2 O-O 6. Qc2 d6 7. Nf3 Qe8 8. O-O c6 9. b3 e5 10. dxe5 dxe5 11. Ba3 Rf7 12. Ng5 Rd7 13. Rad1 h6 14. Nf3 e4 15. Nd4 Ng4 16. h3 Nxf2 17. Nxf5 Nxd1 18. Nxg7 Rxg7 19. Rxd1 e3 20. Ne4 Kh8 21. Bb2 Bf5 22. Qc3 Qe7 23. Rd8+ Kh7 24. Nf6+ 1-0


[Site "https://www.chess.com"]

[Event "Titled Tuesday Blitz April 05 Late 2022"]
[White "Garagulya, Konstantin"]
[Black "Arnold, Ken"]
[WhiteFideId "4128931"]
[BlackFideId "2056836"]
[WhiteElo "2329"]
[BlackElo "2223"]
[Result "1/2-1/2"]
[Round "05"]
[TimeControl "180+1"]
[Date "2022.04.06"]
[WhiteClock "0:00:15"]
[BlackClock "0:00:12"]

1. d4 Nf6 2. Nf3 d5 3. c4 c6 4. Qc2 e6 5. Bg5 Nbd7 6. Nbd2 Bb4 7. a3 Ba5 8. e3 h6 9. Bh4 a6 10. b4 Bc7 11. Bd3 dxc4 12. Nxc4 O-O 13. O-O Re8 14. Rfd1 Nf8 15. Rac1 a5 16. bxa5 Bxa5 17. Nxa5 Rxa5 18. Ra1 g5 19. Bg3 Qe7 20. Qb2 Nd5 21. h3 b5 22. Ne5 Bd7 23. Rdc1 Rea8 24. Nxc6 Bxc6 25. Rxc6 b4 26. a4 Rxa4 27. Rxa4 Rxa4 28. Bc2 Ra3 29. e4 Nf4 30. Bxf4 gxf4 31. Rb6 Rc3 32. Bb1 Qc7 33. f3 Rc1+ 34. Kh2 Qc3 35. Qxc3 bxc3 36. h4 c2 37. Bxc2 Rxc2 38. Rb4 Rd2 39. Kh3 h5 40. Rb5 Kg7 41. Rxh5 Rxd4 42. Kg4 Ng6 43. Rg5 Kf6 44. h5 Ne5+ 45. Kxf4 Nd3+ 46. Kg4 Nf2+ 47. Kf4 Nd3+ 48. Kg4 e5 49. h6 Rd8 50. Rh5 Rh8 51. h7 Nf4 52. Rh6+ Ng6 53. Rh2 Kg7 54. g3 Rxh7 55. Rxh7+ Kxh7 56. Kf5 Kg7 57. f4 exf4 58. gxf4 Nf8 59. Ke5 Kg6 60. f5+ Kg5 61. Kd6 Kf4 62. Ke7 Kxe4 63. f6 Nh7 64. Kxf7 Nxf6 1/2-1/2


[Site "https://www.chess.com"]

[Event "Titled Tuesday Blitz April 05 Late 2022"]
[White "Gatterer, Florian"]
[Black "Djordjevic, Dejan N"]
[WhiteFideId "811688"]
[BlackFideId "913316"]
[WhiteElo "2218"]
[BlackElo "2262"]
[Result "0-1"]
[Round "05"]
[TimeControl "180+1"]
[Date "2022.04.06"]
[WhiteClock "0:00:12"]
[BlackClock "0:00:23"]

1. b3 Nf6 2. Bb2 b6 3. Nc3 Bb7 4. d4 e6 5. f3 d5 6. Qd2 Nbd7 7. O-O-O c5 8. e3 a6 9. g4 h6 10. Nge2 Qc7 11. Bg2 b5 12. dxc5 Nxc5 13. Nd4 Bd6 14. h4 Nfd7 15. e4 Bf4 16. exd5 Bxd2+ 17. Rxd2 exd5 18. Re1+ Kf8 19. Nf5 Nb6 20. Nd1 f6 21. Ba3 Re8 22. Rde2 Rxe2 23. Rxe2 Nc8 24. f4 Kf7 25. g5 hxg5 26. fxg5 b4 27. g6+ Kxg6 28. Bh3 bxa3 29. Rg2+ Kh7 30. Nde3 g6 31. Nd4 Re8 32. Nef5 Nd3+ 33. Kd2 Nf4 34. h5 Nxg2 35. hxg6+ Kxg6 36. Bxg2 Nd6 37. Bh3 Ne4+ 38. Kd3 Qc3+ 39. Ke2 Qxh3 40. Nh4+ Qxh4 0-1


[Site "https://www.chess.com"]

[Event "Titled Tuesday Blitz April 05 Late 2022"]
[White "Gledura, Benjamin"]
[Black "Naroditsky, Daniel"]
[WhiteFideId "712779"]
[BlackFideId "2026961"]
[WhiteElo "2326"]
[BlackElo "2608"]
[Result "0-1"]
[Round "05"]
[TimeControl "180+1"]
[Date "2022.04.05"]
[WhiteClock "0:00:44"]
[BlackClock "0:00:37"]

1. e4 e5 2. Nf3 Nc6 3. Bc4 Nf6 4. d3 h6 5. O-O d6 6. c3 g5 7. d4 Bg7 8. dxe5 dxe5 9. Qxd8+ Nxd8 10. Re1 Nd7 11. Be3 Nb6 12. Bb3 Ne6 13. Nbd2 Bd7 14. a4 Nc8 15. a5 Nd6 16. Nc4 Nxc4 17. Bxc4 a6 18. Red1 O-O-O 19. b4 Bc6 20. Nd2 Rd7 21. f3 Rhd8 22. g3 g4 23. Bxe6 fxe6 24. fxg4 Bxe4 25. Re1 Bc6 26. Rac1 Rxd2 27. Bxd2 Rxd2 0-1


[Site "https://www.chess.com"]

[Event "Titled Tuesday Blitz April 05 Late 2022"]
[White "Gogolev, Artem"]
[Black "Curtis, John"]
[WhiteFideId "4116615"]
[BlackFideId "3200256"]
[WhiteElo "2126"]
[BlackElo "2203"]
[Result "1-0"]
[Round "05"]
[TimeControl "180+1"]
[Date "2022.04.06"]
[WhiteClock "0:00:37"]
[BlackClock "0:00:14"]

1. d4 Nf6 2. Nf3 e6 3. c4 d5 4. g3 Be7 5. Bg2 O-O 6. O-O dxc4 7. Qc2 c5 8. Rd1 Nc6 9. dxc5 Qa5 10. Qxc4 Qxc5 11. Na3 Qxc4 12. Nxc4 Bd7 13. Nfe5 Rfd8 14. Bg5 Be8 15. Nxc6 Bxc6 16. Bxc6 bxc6 17. Bxf6 Bxf6 18. Rac1 Rxd1+ 19. Rxd1 Kf8 20. Rd6 Rc8 21. Rd7 a5 22. Ra7 Rb8 23. b3 Bc3 24. Nxa5 Bxa5 25. Rxa5 Rd8 26. Kg2 Rd2 27. Kf3 e5 28. g4 Ke7 29. Rxe5+ Kd6 30. Ra5 f6 31. Ra7 g5 32. Ke3 Rb2 33. Kf3 h6 34. Rf7 Ke6 35. Rc7 Kd6 36. Rf7 Ke6 37. Ra7 Kd6 38. Ra5 Ke6 39. e3 Kd6 40. Kg3 Ke6 41. Kg2 Kd6 42. Kf3 Ke6 43. Kg3 Kd6 44. Ra4 Ke6 45. b4 Kf7 46. a3 Rb3 47. Ra6 Kg6 48. Rxc6 Rxa3 49. Rb6 Rb3 50. Rb8 h5 51. h4 gxh4+ 52. Kxh4 hxg4 53. Kxg4 Rb2 54. Kf3 Rb3 55. Kf4 Rb2 56. f3 Rb3 57. e4 Kg7 58. b5 Kh7 59. b6 Kg7 60. b7 Kh7 61. Kg4 Kg7 62. f4 Rb5 63. Kf3 Kh7 64. Ke3 Kg7 65. Kd4 Rb1 66. e5 fxe5+ 67. fxe5 Kg6 68. Rg8+ Kh7 69. b8=Q Rd1+ 70. Ke4 1-0


[Site "https://www.chess.com"]

[Event "Titled Tuesday Blitz April 05 Late 2022"]
[White "Golubev, Mikhail"]
[Black "Roman, Rodrigo"]
[WhiteFideId "14100983"]
[BlackFideId "3701220"]
[WhiteElo "2374"]
[BlackElo "2001"]
[Result "1-0"]
[Round "05"]
[TimeControl "180+1"]
[Date "2022.04.06"]
[WhiteClock "0:00:17"]
[BlackClock "0:00:34"]

1. d4 Nf6 2. c4 e6 3. Nf3 b6 4. a3 Bb7 5. Nc3 Ne4 6. Nxe4 Bxe4 7. e3 Be7 8. Bd3 Bb7 9. O-O O-O 10. e4 c5 11. d5 d6 12. dxe6 fxe6 13. b4 Nc6 14. b5 Nd4 15. Nxd4 cxd4 16. f4 e5 17. f5 Bg5 18. Qg4 Bxc1 19. Raxc1 Qf6 20. Rf3 a6 21. Rg3 axb5 22. cxb5 Rac8 23. Rxc8 Rxc8 24. h4 d5 25. exd5 Bxd5 26. Be4 Bc4 27. a4 Rc7 28. Qf3 Kf8 29. h5 Bf7 30. Bc6 Qd6 31. Qg4 Bd5 32. h6 gxh6 33. f6 Bxc6 34. Qg8# 1-0


[Site "https://www.chess.com"]

[Event "Titled Tuesday Blitz April 05 Late 2022"]
[White "Hamidi, Amir Mohammad"]
[Black "Shapiro, David"]
[WhiteFideId "12563285"]
[BlackFideId "24133523"]
[WhiteElo "2273"]
[BlackElo "2320"]
[Result "1-0"]
[Round "05"]
[TimeControl "180+1"]
[Date "2022.04.05"]
[WhiteClock "0:01:11"]
[BlackClock "0:00:06"]

1. d4 d5 2. c4 c6 3. Nc3 Nf6 4. Nf3 a6 5. a4 e6 6. Bg5 dxc4 7. e3 b5 8. axb5 cxb5 9. Nxb5 axb5 10. Rxa8 Bb4+ 11. Nd2 Bb7 12. Ra1 Qd5 13. Bxf6 gxf6 14. Rg1 Rg8 15. g3 Qf5 16. Bg2 Bxg2 17. Rxg2 Qd3 18. Rc1 Nc6 19. Qc2 Qxc2 20. Rxc2 Na5 21. Ke2 Ke7 22. Rg1 Bxd2 23. Kxd2 Ra8 24. Kc3 Nc6 25. b3 Ra3 26. Rb1 Na5 27. Kb4 Rxb3+ 28. Rxb3 cxb3 29. Re2 Nc4 30. Kxb3 Kd6 31. Kb4 Kc6 32. Ra2 f5 33. Ra7 Nd6 34. f3 Nc4 35. e4 fxe4 36. fxe4 Nd6 37. Ra6+ Kd7 38. e5 Nf5 39. Kc5 b4 40. Rb6 1-0


[Site "https://www.chess.com"]

[Event "Titled Tuesday Blitz April 05 Late 2022"]
[White "Harshavardhan G B"]
[Black "Martin Barcelo, Carles"]
[WhiteFideId "25059009"]
[BlackFideId "24561444"]
[WhiteElo "2609"]
[BlackElo "2474"]
[Result "1-0"]
[Round "05"]
[TimeControl "180+1"]
[Date "2022.04.06"]
[WhiteClock "0:00:45"]
[BlackClock "0:00:02"]

1. e4 c6 2. d4 d5 3. exd5 cxd5 4. c4 Nf6 5. Nc3 Nc6 6. Nf3 e6 7. Bg5 Be7 8. c5 Ne4 9. Bxe7 Qxe7 10. Bb5 Nxc3 11. bxc3 O-O 12. Bxc6 bxc6 13. O-O Ba6 14. Re1 Qc7 15. Rb1 Bc4 16. Qa4 Bb5 17. Qb3 a5 18. a4 Bd3 19. Qb6 Rfc8 20. Qxc7 Rxc7 21. Rb6 Kf8 22. Ne5 Bc2 23. Ra1 Rac8 24. Ra2 Bf5 25. g4 Bg6 26. Rab2 Ke7 27. Ra6 f6 28. Nxg6+ hxg6 29. Rxa5 e5 30. Ra6 Ke6 31. f3 e4 32. Kf2 f5 33. a5 f4 34. Rab6 Ra7 35. a6 g5 36. h3 g6 37. fxe4 dxe4 38. c4 Rca8 39. Rxc6+ Kd7 40. Rbb6 e3+ 41. Ke2 Re8 42. Rxg6 f3+ 43. Kxf3 e2 44. Rb1 e1=Q 45. Rxe1 Rxe1 46. d5 Re7 47. c6+ Kc8 48. d6 Rf7+ 49. Ke4 Rf8 50. Kd5 Rxa6 51. Rxg5 Ra1 52. Rg7 Rd1+ 53. Kc5 Re1 54. Ra7 Rb1 55. d7+ Kb8 56. d8=Q+ Rxd8 57. c7+ Kc8 58. cxd8=Q+ Kxd8 59. Rh7 Rg1 60. Kc6 Kc8 61. Rh8# 1-0


[Site "https://www.chess.com"]

[Event "Titled Tuesday Blitz April 05 Late 2022"]
[White "Hasangatin, Ramil"]
[Black "Bachmann, Axel"]
[WhiteFideId "4122160"]
[BlackFideId "3700488"]
[WhiteElo "2656"]
[BlackElo "2518"]
[Result "0-1"]
[Round "05"]
[TimeControl "180+1"]
[Date "2022.04.06"]
[WhiteClock "0:00:26"]
[BlackClock "0:00:12"]

1. e4 c5 2. Nf3 d6 3. d4 cxd4 4. Qxd4 Nf6 5. e5 Nc6 6. Bb5 Qa5+ 7. Nc3 Qxb5 8. Nxb5 Nxd4 9. Nfxd4 dxe5 10. Nc7+ Kd7 11. Nxa8 exd4 12. Bf4 e5 13. Bxe5 Bd6 14. Bxd4 Re8+ 15. Kd1 Kc6 16. Re1 Bg4+ 17. f3 Be6 18. Bxa7 Rxa8 19. Bg1 Nd5 20. c4 Nb4 21. b3 Nxa2 22. Bd4 Ra6 23. Re2 Nb4 24. Rxa6+ bxa6 25. Bxg7 Bxh2 26. Be5 Bg1 27. Kd2 Bc5 28. Kc3 a5 29. Bd4 Bd6 30. Be5 Be7 31. Bd4 h5 32. Re5 Bd8 33. Rxh5 Na2+ 34. Kb2 Nb4 35. Bc3 Nd3+ 36. Kc2 Nf4 37. Rh2 Bc7 38. Kd2 a4 39. bxa4 Bxc4 40. g3 Nd5 41. Rh6+ Kc5 42. f4 Nxf4 43. Rh8 Nd5 44. g4 Nxc3 45. Kxc3 Be5+ 46. Kc2 Bxh8 47. a5 Bd4 48. g5 Kb5 49. g6 fxg6 50. a6 Kxa6 51. Kd2 Kb5 52. Ke1 Kc5 53. Kd1 Kd5 54. Kd2 Ke4 55. Ke1 g5 56. Kd2 g4 57. Ke1 g3 58. Kd2 g2 59. Ke1 g1=Q+ 60. Kd2 Qe3+ 61. Kc2 Qd3+ 62. Kc1 Qc3+ 63. Kd1 Bb3+ 64. Ke2 Qe3+ 65. Kf1 Qf2# 0-1


[Site "https://www.chess.com"]

[Event "Titled Tuesday Blitz April 05 Late 2022"]
[White "He, Anthony"]
[Black "Sapunov, Evgeny"]
[WhiteFideId "2088215"]
[BlackFideId "4126661"]
[WhiteElo "2415"]
[BlackElo "2470"]
[Result "1-0"]
[Round "05"]
[TimeControl "180+1"]
[Date "2022.04.05"]
[WhiteClock "0:01:25"]
[BlackClock "0:01:56"]

1. d4 Nf6 2. Bg5 d5 3. Nf3 e6 4. e3 c5 5. c3 Nc6 6. Nbd2 Bd6 7. Bd3 O-O 8. O-O b6 9. Qc2 h6 10. Bh4 Bb7 11. Rad1 Rc8 12. dxc5 bxc5 13. e4 Be7 14. exd5 exd5 15. Bf5 Rb8 16. Rfe1 Re8 17. Nb3 Qb6 18. h3 Rbd8 19. Ne5 d4 20. Nxf7 Kxf7 21. Be6+ Kf8 22. Qg6 1-0


[Site "https://www.chess.com"]

[Event "Titled Tuesday Blitz April 05 Late 2022"]
[White "Hernandez Bermudez, Ulises Eduardo"]
[Black "Novikova, Galina"]
[WhiteFideId "3902510"]
[BlackFideId "4157095"]
[WhiteElo "2056"]
[BlackElo "1863"]
[Result "0-1"]
[Round "05"]
[TimeControl "180+1"]
[Date "2022.04.06"]
[WhiteClock "0:00:29"]
[BlackClock "0:01:18"]

1. e4 e6 2. d4 d5 3. e5 c5 4. c3 Nc6 5. Nf3 Bd7 6. a3 f6 7. exf6 Nxf6 8. Bd3 Bd6 9. O-O O-O 10. Re1 Qc7 11. Nbd2 e5 12. dxe5 Nxe5 13. Nxe5 Bxe5 14. Nf3 Bd6 15. h3 Bc6 16. b4 b6 17. Be3 Rae8 18. Rc1 Ne4 19. b5 Bb7 20. a4 Qe7 21. Bb1 Bb8 22. Nd2 Qe5 23. Nf1 Nxc3 24. Qd3 Nxb1 25. Qxb1 Qf6 26. a5 d4 27. Bd2 Qxf2+ 0-1


[Site "https://www.chess.com"]

[Event "Titled Tuesday Blitz April 05 Late 2022"]
[White "Hoffmann, Asa"]
[Black "Baker, Chris W"]
[WhiteFideId "2001470"]
[BlackFideId "401676"]
[WhiteElo "2117"]
[BlackElo "2147"]
[Result "1-0"]
[Round "05"]
[TimeControl "180+1"]
[Date "2022.04.06"]
[WhiteClock "0:00:34"]
[BlackClock "0:00:13"]

1. d4 e6 2. e4 d5 3. e5 c5 4. Nf3 Bd7 5. Bd3 Qb6 6. O-O Bb5 7. Bxb5+ Qxb5 8. Nc3 Qd7 9. Be3 cxd4 10. Nxd4 Nc6 11. f4 a6 12. f5 Bc5 13. fxe6 fxe6 14. Qd2 Nge7 15. Nb3 Bxe3+ 16. Qxe3 d4 17. Qg5 dxc3 18. Qxg7 O-O-O 19. bxc3 Nd5 20. Qxd7+ Rxd7 21. Nc5 Re7 22. Rae1 Nxc3 23. Rf6 Rhe8 24. Rh6 Nxa2 25. Ne4 Kc7 26. Nd6 Rg8 27. c4 Nab4 28. c5 Nd3 29. Re3 Nxc5 30. Rc3 Nd7 31. Nc4 Rg6 32. Rh5 Rf7 33. g3 Rf5 34. Rxh7 Rg4 35. Ne3 Re4 36. Nxf5 exf5 37. Re7 Rxe5 38. Rxe5 Nxe5 39. h4 b5 40. h5 b4 41. Rc1 a5 42. h6 Ng6 43. h7 b3 44. Kf2 a4 45. Rb1 Nd4 46. Ke3 a3 47. Kxd4 a2 48. Rc1+ Kd6 49. Kc3 Ke5 50. Kxb3 Ke4 51. Kxa2 1-0


[Site "https://www.chess.com"]

[Event "Titled Tuesday Blitz April 05 Late 2022"]
[White "Holt, Conrad"]
[Black "Weetik, Vjacheslav"]
[WhiteFideId "2034387"]
[BlackFideId "4153472"]
[WhiteElo "2586"]
[BlackElo "2469"]
[Result "1-0"]
[Round "05"]
[TimeControl "180+1"]
[Date "2022.04.05"]
[WhiteClock "0:00:04"]
[BlackClock "0:00:03"]

1. d4 Nf6 2. c4 g6 3. Nc3 Bg7 4. e4 O-O 5. Nf3 d6 6. h3 e5 7. d5 a5 8. Bg5 h6 9. Be3 Nh5 10. Qd2 Kh7 11. O-O-O Na6 12. Bd3 Nf4 13. Bxf4 exf4 14. Rde1 Nc5 15. Bc2 c6 16. e5 dxe5 17. Nxe5 a4 18. h4 h5 19. dxc6 Qxd2+ 20. Kxd2 bxc6 21. Nxc6 Bb7 22. Ne5 a3 23. b4 Rad8+ 24. Kc1 Ne6 25. Nb5 Bxg2 26. Rhg1 f3 27. Nxf7 Bb2+ 28. Kb1 Rxf7 29. Rxe6 Rf6 30. Re7+ Kh6 31. c5 Rd2 32. Nd6 Rxf2 33. Ne4 Rxc2 34. Kxc2 f2 35. Rd1 Bxe4+ 36. Rxe4 f1=Q 37. Rxf1 Rxf1 38. Kb3 Rc1 39. Rc4 Rxc4 40. Kxc4 g5 41. Kd5 g4 42. c6 g3 43. c7 g2 44. c8=Q g1=Q 45. Qe6+ Kg7 46. Qe7+ Kg6 47. Qe6+ Kg7 48. Qe7+ Kh6 49. Qf8+ Bg7 50. Qf4+ Kh7 51. b5 Qg6 52. Kc5 Qf6 53. Qe4+ Kg8 54. b6 Bf8+ 55. Kb5 Qf7 56. Qg2+ Kh7 57. b7 Qf5+ 58. Ka6 Qe6+ 59. Kb5 Bd6 60. Qc2+ Kg7 61. Qc8 Qe5+ 62. Kc6 Kf6 63. Qd8+ Be7 64. Qd2 Qc7+ 65. Kxc7 1-0


[Site "https://www.chess.com"]

[Event "Titled Tuesday Blitz April 05 Late 2022"]
[White "Horcajuelo Rocamora, Martin"]
[Black "Swicarz, Maciej"]
[WhiteFideId "24573027"]
[BlackFideId "1113585"]
[WhiteElo "1822"]
[BlackElo "2057"]
[Result "0-1"]
[Round "05"]
[TimeControl "180+1"]
[Date "2022.04.06"]
[WhiteClock "0:00:45"]
[BlackClock "0:01:13"]

1. e4 c5 2. Nf3 d6 3. d4 cxd4 4. Nxd4 Nf6 5. Nc3 a6 6. Bg5 e6 7. f4 Be7 8. Qf3 Qc7 9. O-O-O Nbd7 10. Bd3 b5 11. Rhe1 Bb7 12. Qg3 b4 13. Nd5 exd5 14. e5 dxe5 15. fxe5 Nh5 16. Qh4 Bxg5+ 17. Qxg5 g6 18. e6 Nc5 19. exf7+ Kxf7 20. Rf1+ Kg7 21. Nf5+ Kg8 22. Nh6+ Kg7 23. Rf7+ Qxf7 24. Nxf7 Kxf7 25. Rf1+ Ke6 26. Re1+ Ne4 27. Bxe4 dxe4 28. Qc5 Bd5 29. Qxb4 Rhb8 30. Qd4 Nf6 31. c4 Bc6 32. Rf1 Rf8 33. Qc5 Rac8 34. Qb6 Nd7 35. Qg1 Rxf1+ 36. Qxf1 Ne5 37. b3 Rd8 38. Kc2 e3 39. Qe1 Be4+ 40. Kc3 Rd3+ 41. Kb4 Bxg2 42. c5 Bf3 43. Ka5 e2 0-1


[Site "https://www.chess.com"]

[Event "Titled Tuesday Blitz April 05 Late 2022"]
[White "Ibarra Jerez, Jose Carlos"]
[Black "Hnydiuk, Aleksander"]
[WhiteFideId "2226332"]
[BlackFideId "1109057"]
[WhiteElo "2626"]
[BlackElo "2374"]
[Result "1-0"]
[Round "05"]
[TimeControl "180+1"]
[Date "2022.04.05"]
[WhiteClock "0:00:13"]
[BlackClock "0:00:01"]

1. Nf3 Nf6 2. g3 d5 3. Bg2 Nbd7 4. O-O e5 5. d3 Bd6 6. Nbd2 O-O 7. e4 c6 8. b3 Re8 9. Bb2 Nf8 10. Re1 Ng6 11. h3 a5 12. a3 b5 13. exd5 cxd5 14. c4 bxc4 15. bxc4 Rb8 16. Qc2 d4 17. c5 Qc7 18. Rac1 Bf8 19. Ba1 Ba6 20. Ng5 Rec8 21. Nde4 Nd7 22. Qa2 Nh8 23. c6 Nb6 24. Nc5 Bxc5 25. Rxc5 Ng6 26. Nf3 Na4 27. Rcc1 Bxd3 28. h4 h5 29. Ng5 Kf8 30. Bd5 Nh8 31. Bxf7 Qd6 32. Bxh5 g6 33. Bg4 Rxc6 34. Ne6+ 1-0


[Site "https://www.chess.com"]

[Event "Titled Tuesday Blitz April 05 Late 2022"]
[White "Iskusnyh, Sergei"]
[Black "Xiong, Jeffery"]
[WhiteFideId "4120027"]
[BlackFideId "2047640"]
[WhiteElo "2492"]
[BlackElo "2727"]
[Result "0-1"]
[Round "05"]
[TimeControl "180+1"]
[Date "2022.04.05"]
[WhiteClock "0:00:10"]
[BlackClock "0:02:26"]

1. d4 Nf6 2. c4 e6 3. g3 d5 4. Nf3 dxc4 5. Bg2 c6 6. a4 Bb4+ 7. Bd2 a5 8. Qc2 O-O 9. Qxc4 Bxd2+ 10. Nbxd2 b6 11. Qc2 Ba6 12. Nc4 Nbd7 13. O-O Rc8 14. Nd6 Rc7 15. Ne5 Nd5 16. Nexf7 Rxf7 17. Nxf7 Kxf7 18. Qxh7 N7f6 19. Qc2 Nb4 20. Qd2 c5 21. Rfd1 cxd4 22. Qxd4 Rd7 23. Qxd7+ Nxd7 24. Rac1 Bxe2 25. Rd2 Bd3 26. Rcd1 Nc5 0-1


[Site "https://www.chess.com"]

[Event "Titled Tuesday Blitz April 05 Late 2022"]
[White "Jacobson, Brandon"]
[Black "Lashkin, Jegor"]
[WhiteFideId "30901561"]
[BlackFideId "13907808"]
[WhiteElo "2362"]
[BlackElo "2368"]
[Result "1-0"]
[Round "05"]
[TimeControl "180+1"]
[Date "2022.04.05"]
[WhiteClock "0:00:11"]
[BlackClock "0:00:06"]

1. Nf3 d5 2. e3 Nf6 3. c4 e6 4. Nc3 c5 5. cxd5 exd5 6. d4 Nc6 7. Bb5 cxd4 8. Nxd4 Bd7 9. O-O Bd6 10. Nf3 a6 11. Bxc6 bxc6 12. e4 Bb4 13. exd5 O-O 14. d6 Be6 15. Bg5 h6 16. Bh4 g5 17. Bg3 Nd5 18. Nd4 Qd7 19. Nxe6 Qxe6 20. Re1 Qf6 21. Be5 Qg6 22. Qd4 Bxd6 23. Nxd5 cxd5 24. Qxd5 Bxe5 25. Qxe5 Rab8 26. Rad1 Rb5 27. Qc3 Rfb8 28. b3 R5b7 29. h3 Qg7 30. Qc6 Rb6 31. Qc7 Qf6 32. Rd3 R6b7 33. Qc4 Rb4 34. Qc5 R4b5 35. Qc1 Rf5 36. Qd2 Kg7 37. Re2 Rb6 38. Qc3 Qxc3 39. Rxc3 a5 40. Rc4 Rfb5 41. f3 Ra6 42. Ree4 Rab6 43. Kf2 Rd6 44. Red4 Re6 45. Re4 Reb6 46. Ke3 Rd6 47. Red4 Re6+ 48. Kd2 Kf6 49. Re4 Rd6+ 50. Rcd4 Rc6 51. Rc4 Rd6+ 52. Kc2 Rbd5 53. Re2 Kg6 54. Kb2 h5 55. Rec2 f6 56. Rc5 Kf5 57. Rd2 Rxc5 58. Rxd6 g4 59. hxg4+ hxg4 60. fxg4+ Kg5 61. Rd4 Re5 62. Rd2 Kxg4 63. a3 Re4 64. Kc3 Re3+ 65. Kc4 f5 66. b4 Rxa3 67. b5 Ra4+ 68. Kc5 Rb4 69. Ra2 Kg3 70. b6 Rb1 71. Rxa5 Kxg2 72. Rb5 Re1 73. b7 Re5+ 74. Kc4 Re8 75. b8=Q Rxb8 76. Rxb8 f4 77. Kd3 Kf3 78. Rf8 1-0


[Site "https://www.chess.com"]